 Dungeon Crawl Stone Soup version 0.23.2-40-g277498a001 (webtiles) character file.

Game seed: 2949222290824720599

50 Gildeon the Conjurer (level 3, -12/26 HPs)
             Began as a Demigod Conjurer on Oct 17, 2019.
             Mangled by an ogre
             ... wielding a +0 giant club
              (16 damage)
             ... on level 2 of the Dungeon.
             The game lasted 00:09:56 (1981 turns).

Gildeon the Conjurer (Demigod Conjurer)             Turns: 1981, Time: 00:09:57

Health: -12/26     AC:  2    Str: 11    XL:     3   Next: 35%
Magic:  6/9        EV: 13    Int: 21    God:
Gold:   109        SH:  0    Dex: 16    Spells: 0/6 levels left

rFire    . . .     SeeInvis .   i - +0 hunting sling
rCold    . . .     Gourm    .   (no shield)
rNeg     . . .     Faith    .   a - +0 robe
rPois    .         Spirit   .   (no helmet)
rElec    .         Reflect  .   (no cloak)
rCorr    .         Harm     .   (no gloves)
MR       .....                  (no boots)
Stlth    ++........             (no amulet)
HPRegen  0.08/turn              (no ring)
MPRegen  0.11/turn              (no ring)

@: no status effects
A: high mp 1
a: no special abilities


You were on level 2 of the Dungeon.
You were not hungry.

You visited 1 branch of the dungeon, and saw 3 of its levels.

You collected 109 gold pieces.

Inventory:

Hand Weapons
 i - a +0 hunting sling (weapon)
 k - a +0 flail
Missiles
 d - 111 stones (quivered)
 f - 64 sling bullets
 l - 8 poisoned needles
Armour
 a - a +0 robe (worn)
Scrolls
 e - 2 scrolls of remove curse
 g - 3 scrolls of fear
 h - 3 scrolls of identify
Potions
 b - 2 potions of heal wounds
 j - a potion of brilliance {unknown}
 r - a potion of curing {unknown}
Comestibles
 c - 5 rations
 s - 3 chunks of flesh


   Skills:
 + Level 2.4 Dodging
 + Level 2.4 Stealth
 + Level 2.2 Spellcasting
 + Level 3.9 Conjurations


You couldn't memorise any spells.
You knew the following spells:

 Your Spells              Type           Power        Failure   Level  Hunger
a - Magic Dart            Conj           ###.         2%          1    #......
b - Searing Ray           Conj           ###...       4%          2    ##.....
c - Dazzling Spray        Conj/Hex       ##....       19%         3    ###....

Your spell library contained the following spells:

 Spells                   Type           Power        Failure   Level  Hunger
 Iskenderun's Mystic Bla  Conj           ###.....     28%         4    #####..
 Force Lance              Conj/Tloc      ##......     54%         4    #####..
 Fulminant Prism          Conj/Hex       ##........   54%         4    #####..


Dungeon Overview and Level Annotations

Branches:
Dungeon (3/15)


Innate Abilities, Weirdness & Mutations

You have an increased reservoir of magic. (+10% MP)


Message History

Aim: an ogre, wielding a +0 giant club (moderately wounded)
You shoot a stone. The stone hits the ogre.
The ogre is moderately wounded.
The ogre hits you with a +0 giant club!!
Ouch! That really hurt!
* * * LOW HITPOINT WARNING * * *
The ogre closely misses you.
Casting: Magic Dart (safe; 2% risk of failure)
Confirm with . or Enter, or press ? or * to list all spells.
Aiming: Searing Ray (safe; 4% risk of failure)
Press: ? - help, Shift-Dir - straight line, f/p - ogre
Aim: an ogre, wielding a +0 giant club (moderately wounded)
The searing ray hits the ogre.
The ogre is heavily wounded. (Press . to maintain the ray.)
The searing ray hits the ogre!
The ogre is severely wounded.
The ogre hits you with a +0 giant club!
Ouch! That really hurt!
You die...

######.##.....#............## ##.
.(.....##.##.....#.###.#.#..###..
.................................
............##.#.>...#........##.
).............................##.
#######...#...............<...###
#######...#...........##.......##
#................(....##.........
#.##.....#......@....###.......).
#.##.######.#.###O...# #<...)....
#....# #.#.# #....# #######...
..#### #.#.# #.>..# #... ###
#.#.# ###### #### #####...##
##...#....## ##..........##
#............#


You could see an ogre.

Vanquished Creatures
  A worm (D:2)
  2 dart slugs
  3 leopard geckos
  4 bats
  A giant cockroach (D:1)
  8 goblins
  10 hobgoblins
  A frilled lizard (D:2)
  4 kobolds
  A rat (D:1)
35 creatures vanquished.

Notes
Turn   | Place    | Note
-------+----------+-------------------------------------------
     0 | D:1      | Gildeon the Demigod Conjurer began the quest for the Orb.
     0 | D:1      | Reached XP level 1. HP: 14/14 MP: 5/5
   228 | D:1      | Reached XP level 2. HP: 14/20 MP: 4/7
   232 | D:1      | Learned a level 2 spell: Searing Ray
  1383 | D:2      | Reached XP level 3. HP: 21/26 MP: 0/8
  1393 | D:2      | Learned a level 3 spell: Dazzling Spray
  1931 | D:2      | Found a snail-covered altar of Cheibriados.
  1971 | D:3      | Noticed an ogre
  1981 | D:2      | Mangled by an ogre

Skill      XL: |  1 |
---------------+----+-----
Dodging        | 2 |  2.4
Stealth        | 2 |  2.4
Spellcasting   | 2 |  2.2
Conjurations   | |  3.9

Action                   || total
-------------------------++-------
Melee: Unarmed           ||     4
       Spear             ||    11
       Hand axe          ||     4
       Club              ||     2
 Fire: Hunting sling     ||    21
 Cast: Magic Dart        ||    64
       Searing Ray       ||     1
  Use: Scroll            ||     7
 Stab: Sleeping          ||     1
  Eat: Chunk             ||     4
Armor: Robe              ||     6
Dodge: Dodged            ||    35
